 Dungeon Crawl Stone Soup version 0.19.1-1-g22dce08 (webtiles) character file.

46 galech the Skirmisher (level 3, -9/37 HPs)
             Began as a Troll Fighter on Jan 5, 2017.
             Mangled by a gnoll
             ... wielding a +0 halberd
              (13 damage)
             ... on level 2 of the Dungeon.
             The game lasted 00:03:03 (1210 turns).

galech the Skirmisher (Troll Fighter)               Turns: 1210, Time: 00:03:03

Health: -9/37      AC:  6    Str: 25    XL:     3   Next: 44%
Magic:  0/2        EV:  8    Int:  4    God:
Gold:   30         SH:  8    Dex:  9    Spells: 0 memorised, 2 levels left

rFire  . . .     SeeInvis .     a - +0 flail
rCold  + . .     Gourm    +     b - +0 robe
rNeg   . . .     Faith    .     c - +0 shield
rPois  .         Spirit   +     (helmet restricted)
rElec  .         Reflect  .     h - +0 cloak
rCorr  .         Harm     .     (gloves unavailable)
MR     .....                    (boots unavailable)
Stlth  +.........               k - amulet of guardian spirit
                                (no ring)
                                e - ring of protection from cold

@: no status effects
A: unfitting armour, claws 3, fast metabolism 3, gourmand, regeneration 1,
shaggy fur 1, tough skin 2
a: no special abilities


You were on level 2 of the Dungeon.
You were not hungry.

You visited 1 branch of the dungeon, and saw 2 of its levels.

You collected 30 gold pieces.

Inventory:

Hand Weapons
 a - a +0 flail (weapon)
Armour
 b - a +0 robe (worn)
 c - a +0 shield (worn)
 h - a +0 cloak (worn)
Jewellery
 e - a ring of protection from cold (left claw)
 k - an amulet of guardian spirit (around neck)
Scrolls
 j - a scroll of remove curse {unknown}
 l - a scroll of enchant armour {unknown}
 n - a scroll of enchant weapon {unknown}
 o - 3 scrolls of identify {unknown}
 q - a scroll of amnesia {unknown}
Potions
 d - a potion of might
 g - a potion of haste {unknown}
 m - a potion of experience {unknown}
 p - a potion of agility {unknown}
Comestibles
 f - 2 bread rations
 i - a royal jelly


   Skills:
 + Level 3.0 Fighting
 + Level 2.4 Maces & Flails
 + Level 2.7 Dodging
 - Level 2.4 Shields


You had 2 spell levels left.
You didn't know any spells.

Dungeon Overview and Level Annotations

Branches:
Dungeon (2/15)

Altars:


Innate Abilities, Weirdness & Mutations

You are too large for most types of armour.
You have claws for hands.
Your metabolism is lightning-fast.
You like to eat raw meat.
Your natural rate of healing is unusually fast.
You are covered in fur. (AC +1)
You have very tough skin. (AC +2)


Message History

You block the gnoll's attack. The gnoll hits you with a halberd!
* * * LOW HITPOINT WARNING * * *
You block the gnoll's attack.
You are too injured to fight recklessly!
You are too injured to fight recklessly!
You are too injured to fight recklessly!
You are too injured to fight recklessly!
You are too injured to fight recklessly!
You are too injured to fight recklessly!
You are too injured to fight recklessly!
You are too injured to fight recklessly!
You are too injured to fight recklessly!
You are too injured to fight recklessly!
You are too injured to fight recklessly!
You are too injured to fight recklessly!
You are too injured to fight recklessly!
You are too injured to fight recklessly!
You are too injured to fight recklessly!
The gnoll hits you from afar with a halberd!
You die...

#####################
#>.....gg..g.........
###'#########g#########
#..........@.....#
#................#
#................###########
#...........................
#................###########
#.....#######'#### #######
#.# #.# ############.#


You could see a gnoll.

Vanquished Creatures
  2 gnolls (D:2)
  An adder (D:1)
  2 dart slugs (D:2)
  A leopard gecko (D:1)
  A giant cockroach (D:2)
  4 kobolds (D:1)
  2 bats (D:2)
  2 frilled lizards
  2 rats
17 creatures vanquished.

Notes
Turn   | Place    | Note
-------+----------+-------------------------------------------
     0 | D:1      | galech the Troll Fighter began the quest for the Orb.
     0 | D:1      | Reached XP level 1. HP: 22/22 MP: 0/0
   226 | D:1      | HP: 1/22 [adder (3)]
   270 | D:1      | Reached XP level 2. HP: 5/29 MP: 1/1
   984 | D:2      | Reached skill level 3 in Fighting
   984 | D:2      | Reached XP level 3. HP: 21/37 MP: 2/2
  1210 | D:2      | Mangled by a gnoll

Skill      XL: |  1  2 |
---------------+-------+-----
Maces & Flails | 2 |  2.4
Fighting       | 3 |  3.0
Dodging        | |  2.7
Shields        | |  2.4

Action                   || total
-------------------------++-------
Melee: Flail             ||    93
  Eat: Chunk             ||     5
       Bread ration      ||     1
Armor: Robe              ||    29
Dodge: Dodged            ||    43
Block: Shield            ||    69
